 Dungeon Crawl Stone Soup version 0.20.0-10-g0535bb4 (webtiles) character file.

25 blackwizard the Caller (level 2, -9/24 HPs)
             Began as a Troll Summoner on June 7, 2017.
             Mangled by Sigmund
             ... wielding a +0 scythe
              (13 damage)
             ... on level 2 of the Dungeon.
             The game lasted 00:05:57 (1303 turns).

blackwizard the Caller (Troll Summoner)             Turns: 1303, Time: 00:05:58

Health: -9/24      AC:  5    Str: 15    XL:     2   Next: 86%
Magic:  2/3        EV: 10    Int: 11    God:
Gold:   42         SH:  0    Dex: 10    Spells: 2/3 levels left

rFire    . . .     SeeInvis .   f - +0 short sword
rCold    . . .     Gourm    +   (no shield)
rNeg     . . .     Faith    .   a - +0 robe
rPois    .         Spirit   .   (helmet restricted)
rElec    .         Reflect  .   (no cloak)
rCorr    .         Harm     .   (gloves unavailable)
MR       .....                  (boots unavailable)
Stlth    +.........             (no amulet)
Regen    0.5/turn               n - ring of flight
MPRegen  0.1/turn               (no ring)

@: confused
A: unfitting armour, claws 3, fast metabolism 3, gourmand, regeneration 1,
shaggy fur 1, tough skin 2
a: Evoke Flight


You were on level 2 of the Dungeon.
You were not hungry.

You visited 1 branch of the dungeon, and saw 2 of its levels.

You collected 42 gold pieces.

Inventory:

Hand Weapons
 f - a +0 short sword (weapon)
 l - a +0 mace
 m - a +0 hand axe
 s - a +0 mace
Missiles
 d - 21 arrows
 e - 28 stones (quivered)
Armour
 a - a +0 robe (worn)
 g - a +1 pair of gloves
Jewellery
 n - a ring of flight (left claw)
Scrolls
 h - a scroll of blinking {unknown}
 i - 2 scrolls of identify {unknown}
 q - a scroll of amnesia {unknown}
 t - a scroll of random uselessness {unknown}
Potions
 j - a potion of flight {unknown}
 k - 2 potions of might {unknown}
 p - a potion of heal wounds {unknown}
Books
 b - a book of Callings

   Spells                             Type                      Level
   a - Summon Small Mammal            Summoning                    1
   b - Call Imp                       Summoning                    2
   c - Call Canine Familiar           Summoning                    3
   d - Summon Guardian Golem          Hexes/Summoning              3
   e - Summon Lightning Spire         Summoning/Air                4
   f - Summon Ice Beast               Ice/Summoning                4
Comestibles
 c - 3 bread rations
 o - a meat ration
 r - a royal jelly


   Skills:
 + Level 1.8 Dodging
 + Level 1.0 Stealth
 + Level 0.2 Unarmed Combat
 + Level 1.4 Spellcasting
 + Level 3.3 Summonings


You had 2 spell levels left.
You knew the following spells:

 Your Spells              Type           Power        Failure   Level  Hunger
a - Summon Small Mammal   Summ           #...         8%          1    ##.....


Dungeon Overview and Level Annotations

Branches:
Dungeon (2/15)

Altars:

Annotations:
D:2 Sigmund


Innate Abilities, Weirdness & Mutations

You are too large for most types of armour.
You have claws for hands.
Your metabolism is lightning-fast.
You like to eat raw meat.
Your natural rate of healing is unusually fast.
You are covered in fur. (AC +1)
You have very tough skin. (AC +2)


Message History

You swap places.
Something hits you!
Ouch! That really hurt!
You barely miss something.
You hear some strange, mumbled words.
You are confused.
Are you sure you want to stumble around while confused and next to your bat? [Y]es or [N]o only, please.
Are you sure you want to stumble around while confused and next to your bat? [Y]es or [N]o only, please.
Are you sure you want to stumble around while confused and next to your bat? [Y]es or [N]o only, please.
Are you sure you want to stumble around while confused and next to your bat? [Y]es or [N]o only, please.
Are you sure you want to stumble around while confused and next to your bat?
You closely miss your bat. The bat barely misses you.
The bat hits you but does no damage. Something hits you!
* * * LOW HITPOINT WARNING * * *
You hit something.
The bat disappears in a puff of smoke!
Something hits you!
Ouch! That really hurt!
You die...

#.# .. ..< ... #.
#.# ##... #.##.#
####. #...# ##
#.##.# #.# #§# #.#
≈PP# #@# ♣≈P #.#
≈≈P###.### P
♣♣♣≈.#....^####
≈≈♣♣♣P≈≈##.#......#
.PP≈≈≈≈P##.###.##.#
#.≈PP≈.##.# #.##.#
#....Pb...# #.##.##
# ####.{b####
#.#...##########


There were no monsters in sight!

Vanquished Creatures
  A leopard gecko (D:1)
  3 goblins (D:1)
  2 hobgoblins
  3 jackals (D:2)
  3 kobolds
  2 bats (D:1)
  4 rats
18 creatures vanquished.

Vanquished Creatures (collateral kills)
  A dart slug (D:2)
  A giant cockroach (D:2)
  A goblin (D:2)
  3 bats
  A frilled lizard (D:2)
  A rat (D:2)
8 creatures vanquished.

Grand Total: 26 creatures vanquished

Notes
Turn   | Place    | Note
-------+----------+-------------------------------------------
     0 | D:1      | blackwizard the Troll Summoner began the quest for the Orb.
     0 | D:1      | Reached XP level 1. HP: 16/16 MP: 1/1
   109 | D:1      | Reached skill level 3 in Summonings
   441 | D:1      | Reached XP level 2. HP: 20/24 MP: 2/2
  1273 | D:2      | Noticed Sigmund
  1303 | D:2      | Mangled by Sigmund

Skill      XL: |  1 |
---------------+----+-----
Summonings     | 3 |  3.3
Dodging        | |  1.8
Stealth        | |  1.0
Unarmed Combat | |  0.2
Spellcasting   | |  1.4

Action                   || total
-------------------------++-------
Melee: Short sword       ||    62
       Unarmed           ||    13
 Cast: Summon Small Mamm ||    25
 Stab: Sleeping          ||     1
  Eat: Bread ration      ||     2
       Chunk             ||     5
Armor: Robe              ||    60
Dodge: Dodged            ||    89
